 Dungeon Crawl Stone Soup version 0.18-a0-1211-g828307d (webtiles) character file.

74 M4edhros the Charlatan (level 4, 0/28 HPs)
             Began as an Octopode Artificer on Feb 3, 2016.
             Was a Follower of Fedhas.
             Succumbed to an adder's poison
             ... on level 2 of the Dungeon.
             The game lasted 00:02:37 (2110 turns).

M4edhros the Charlatan (Octopode Artificer)         Turns: 2110, Time: 00:02:37

Health: 0/28       AC: -2    Str: 10    XL:     4   Next: 30%
Magic:  6/6        EV: 12    Int: 20    God:    Fedhas [*.....]
Gold:   45         SH:  0    Dex: 12    Spells: 0 memorised, 3 levels left

rFire  . . .     SeeInvis .     o - +0 hunting sling
rCold  . . .     Gourm    .     (no shield)
rNeg   . . .     Faith    .     (helmet restricted)
rPois  .         Spirit   .     (no amulet)
rElec  .         Dismiss  .     n - +5 ring of intelligence
rCorr  .         Reflect  .     e - -3 ring of protection (curse)
SustAt .         Harm     .     (no ring)
MR     .....                    (no ring)
Stlth  +++.......               (no ring)
                                (no ring)
                                (no ring)
                                (no ring)

@: lethally poisoned (0 -> -23), not resistant to hostile enchantments, fairly
stealthy
A: almost no armour, amphibious, 8 rings, constrict 8, camouflage 1, gelatinous
body 1
a: Evolution, Renounce Religion


You were on level 2 of the Dungeon.
You worshipped Fedhas.
Fedhas was aware of your devotion.
You were not hungry.

You visited 1 branch of the dungeon, and saw 2 of its levels.

You collected 45 gold pieces.

Inventory:

Hand Weapons
 a - a +0 short sword
 o - a +0 hunting sling (weapon)
Missiles
 j - 48 stones (quivered)
Jewellery
 e - a cursed -3 ring of protection (right tentacle)
 n - a +5 ring of intelligence (left tentacle)
Wands
 b - a wand of flame (10/48)
 c - a wand of enslavement (11/24)
 d - a wand of random effects (15/48)
Potions
 g - a potion of heal wounds {unknown}
 h - 2 potions of curing {unknown}
 i - a potion of beneficial mutation
 m - a potion of agility
Comestibles
 f - 2 bread rations
 k - 3 fruits


   Skills:
 - Level 1.0 Fighting
 - Level 1.0 Short Blades
 + Level 2.7 Slings
 - Level 2.2 Dodging
 - Level 3.3 Stealth
 - Level 3.4 Evocations


You had 3 spell levels left.
You didn't know any spells.

Dungeon Overview and Level Annotations

Branches:
Dungeon (2/15)

Altars:
Fedhas


Innate Abilities, Weirdness & Mutations

You cannot wear most types of armour.
You are amphibious.
You can wear up to eight rings at the same time.
You can use your tentacles to constrict eight enemies at once.
Your skin changes colour to match your surroundings (Stealth).
Your rubbery body absorbs attacks (AC +1).


Message History

You are more poisoned.
The adder poisons you!
Evoke which item? (* to show all) (? for menu, Esc to quit)
Zapping:
c - a wand of enslavement (13/24)
Press: ? - help, Shift-Dir - straight line, f/p - adder
Aim: an adder (heavily wounded, chance to defeat MR: 62%)
The adder resists with significant effort.
This wand has 12 charges left.
* * * LOW HITPOINT WARNING * * *
You feel sick. The adder bites you.
* * * LOW HITPOINT WARNING * * *
You are more poisoned.
The adder poisons you! The adder closely misses you.
Evoke which item? (* to show all) (? for menu, Esc to quit)
Zapping:
c - a wand of enslavement (12/24)
Press: ? - help, Shift-Dir - straight line, f/p - adder
Aim: an adder (heavily wounded, chance to defeat MR: 62%)
The adder is charmed.
This wand has 11 charges left.
You die...
Fedhas appreciates your contribution to the ecosystem.

#..............## #.#######
########รท#.###.# #.# #.#.#
#.# #.# #.#.# # #.# ### #.#P#
#. #.# #.. #.#)# (### #.#
##.# #.#P## .(# #.# #...
##..).## #S# #.####..#
###......###@# #.......)
#.........##.# ######..#
#.#......###.#############..#
#.......## #...............#.
####.#.## ##############.###
#.### #.## # #.# ##.### #.#
#####..#. #.# #........


You could see a friendly adder.

Vanquished Creatures
  3 adders (D:2)
  2 worms (D:2)
  2 giant geckos (D:1)
  2 giant cockroaches (D:1)
  2 goblins (D:1)
  8 hobgoblins
  2 jackals (D:1)
  A quokka (D:2)
  A ball python (D:2)
  5 bats
  2 giant newts
  5 kobolds (D:1)
  5 rats
40 creatures vanquished.

Vanquished Creatures (others)
  21 toadstools
21 creatures vanquished.

Grand Total: 61 creatures vanquished

Notes
Turn   | Place    | Note
--------------------------------------------------------------
     0 | D:1      | M4edhros the Octopode Artificer began the quest for the Orb.
     0 | D:1      | Reached XP level 1. HP: 13/13 MP: 3/3
   132 | D:1      | Reached XP level 2. HP: 5/18 MP: 4/4
   765 | D:1      | Reached XP level 3. HP: 23/23 MP: 5/5
   912 | D:2      | Found a blossoming altar of Fedhas.
   924 | D:2      | Became a worshipper of Fedhas Madash
   998 | D:1      | Reached skill level 1 in Slings
  1619 | D:2      | Reached XP level 4. HP: 10/28 MP: 6/6
  2026 | D:2      | Reached * piety under Fedhas
  2110 | D:2      | Succumbed to an adder's poison

Vault maps used:
D:1:      nagdon_arrival_zigzag_paths
D:2:      lemuel_round_altar, hangedman_decor_slide_cut

Action                   |  1- 3 |  4- 6 || total
-------------------------+-------+-------++-------
Melee: Short sword       |    60 |     4 ||    64
 Fire: Hunting sling     |    42 |    27 ||    69
Evoke: Wand              |     4 |     5 ||     9
  Use: Scroll            |     4 |       ||     4
 Stab: Sleeping          |     1 |       ||     1
  Eat: Meat ration       |     1 |       ||     1
